 Dungeon Crawl Stone Soup version 0.30-a0-1085-g990a428a5c (webtiles) character file.

Game seed: 11681205843115191646

28 fortdeath9 the Trooper (level 2, 24/24 HPs)
             Began as a Demonspawn Berserker on Apr 16, 2023.
             Was a Believer of Trog.
             Quit the game on level 1 of the Dungeon.
             The game lasted 00:03:19 (484 turns).

fortdeath9 the Trooper (Demonspawn Berserker)        Turns: 484, Time: 00:03:19

Health: 24/24      AC:  3    Str: 17    XL:     2   Next: 96%
Magic:  2/2        EV: 12    Int:  8    God:    Trog [**....]
Gold:   33         SH:  0    Dex: 12    Spells: 1/1 levels left

rFire   . . .      SeeInvis .    a - +0 mace
rCold   . . .      Faith    .    (no shield)
rNeg    . . .      Spirit   .    b - +0 animal skin
rPois   .          Reflect  .    (no helmet)
rElec   .          Rampage  .    (no cloak)
rCorr   .                        (no gloves)
Will    .....                    (no boots)
Stlth   +                        c - amulet of magic regeneration
HPRegen 0.24/turn                (no ring)
MPRegen 0.48/turn                (no ring)

@: studying Axes
A: sharp scales 1
a: Renounce Religion, Berserk, Trog's Hand


You were on level 1 of the Dungeon.
You worshipped Trog.
Trog was pleased with you.
You visited 1 branch of the dungeon, and saw 1 of its levels.

You collected 33 gold pieces.

Inventory:

Hand Weapons
 a - a +0 mace (weapon)
Armour
 b - a +0 animal skin (worn)
Jewellery
 c - an amulet of magic regeneration (around neck)
Potions
 d - a potion of lignification {unknown}
 f - a potion of attraction {unknown}


   Skills:
 + Level 3.4 Fighting
 + Level 3.0 Maces & Flails
 + Level 1.8 Armour
 + Level 2.1 Dodging
 + Level 0.6 Stealth


You had one spell level left.
You didn't know any spells.
Your spell library was empty.

Dungeon Overview and Level Annotations

Branches:
Dungeon (1/15)

Altars:

Shops:
D:1 :(


Innate Abilities, Weirdness & Mutations

You are partially covered in razor-sharp scales. (AC +1, Slay +1)


Message History

There is an open door here.
You open the door.
A giant cockroach comes into view.
Found a club.
Found Soig's Antique Weapon Shoppe.
There is an open door here.
An endoplasm comes into view.
The endoplasm quivers.
You see here 14 gold pieces.
You see here 14 gold pieces.
You now have 33 gold pieces (gained 14).
You hit the endoplasm.
The endoplasm is lightly wounded.
The endoplasm barely misses you.
You hit the endoplasm.
You kill the endoplasm!
Trog accepts your kill.
You closely miss the giant cockroach.
The giant cockroach bites you but does no damage.
You closely miss the giant cockroach. The giant cockroach closely misses you.
You barely miss the giant cockroach. The giant cockroach closely misses you.
The giant cockroach barely misses you.
You barely miss the giant cockroach. The giant cockroach barely misses you.
You hit the giant cockroach.
The giant cockroach is almost dead.
The giant cockroach misses you. The giant cockroach bites you.
You hit the giant cockroach but do no damage.
The giant cockroach is almost dead.
The giant cockroach bites you but does no damage.
You hit the giant cockroach but do no damage.
The giant cockroach is almost dead.
The giant cockroach barely misses you. x2
You sock the giant cockroach!
You kill the giant cockroach!
Trog accepts your kill.
Found a stone staircase leading down.
There is an entrance to Soig's Antique Weapon Shoppe here.
This is a scroll of acquirement!
You see here a manual of Axes.
Something appears at your feet!
You pick up a manual of Axes and begin studying.
Are you sure you want to abandon this character and quit the game? (Confirm with "yes".)

###### ########........
###....###...............
..'....'.'..............>
###....###..............
.......# #...........#
.....### #...........#
.....# #......)..###
.....# #.........# .....#
######.@#.# .....####
##.#.# .††...... ....#
#.###### #.#### #.# #.
#'######## ## .........#
.........# ###########
.........# #.........#


There were no monsters in sight!

Vanquished Creatures
  3 dart slugs (D:1)
  A bat (D:1)
  3 endoplasms (D:1)
  A giant cockroach (D:1)
  2 goblins (D:1)
  A hobgoblin (D:1)
  3 quokkas (D:1)
  A ball python (D:1)
  A frilled lizard (D:1)
  4 rats (D:1)
20 creatures vanquished.

Notes
Turn   | Place    | Note
-------+----------+-------------------------------------------
     0 | D:1      | fortdeath9 the Demonspawn Berserker began the quest for the
                  | Orb.
     0 | D:1      | Reached XP level 1. HP: 18/18 MP: 1/1
   151 | D:1      | Gained mutation: You are partially covered in razor-sharp
                  | scales. (AC +1, Slay +1) [demonic ancestry]
   151 | D:1      | Reached XP level 2. HP: 24/24 MP: 2/2
   258 | D:1      | Found Mobrud's Book Emporium.
   341 | D:1      | Reached ** piety under Trog
   458 | D:1      | Found Soig's Antique Weapon Shoppe.
   482 | D:1      | Identified a scroll of acquirement
   482 | D:1      | Acquired a manual of Axes
   484 | D:1      | Quit the game

Illustrated notes

Levels and vault maps discovered:
D:1:      minmay_arrival_hallway, layout_basic, serial_shops,
          nicolae_shop_real_fake_doors,
          nicolae_shop_temple_entry_statues_fountains, shop, shop,
          minmay_heptomino_o4

Skill      XL: |  1  2 |
---------------+-------+-----
Dodging        | 2 |  2.1
Maces & Flails | 3 |  3.0
Fighting       | |  3.4
Armour         | |  1.8
Stealth        | |  0.6

Action                     || total
---------------------------++-------
  Melee: Mace              ||    47
    Use: Scroll            ||     2
   Stab: Sleeping          ||     3
 Armour: Animal skin       ||     7
  Dodge: Dodged            ||    29

Table legend: (Time is in decaauts)
 A = Elapsed time spent in this place.
 B = Non-inter-level travel time spent in this place.
 C = Inter-level travel time spent in this place.
 D = Time resting spent in this place.
 E = Time spent auto-exploring this place.
 F = Levels seen in this place.
 G = Mean time per level.
                   A        B        C        D        E       F      G
               +--------+--------+--------+--------+--------+-----+--------+
         Total |    496 |    496 |      0 |    157 |     91 |   1 |  496.0 |
       Dungeon |    496 |    496 |      0 |    157 |     91 |   1 |  496.0 |
               +--------+--------+--------+--------+--------+-----+--------+

Top non-repeatable levels by time:
     D:1: 496 daAuts
